 Dungeon Crawl Stone Soup version 0.20-a0-208-g55166f7 (webtiles) character file.

5 deepsabbath the Firebug (level 1, 0/10 HPs)
             Began as a Deep Elf Fire Elementalist on Nov 25, 2016.
             Slain by a jackal (2 damage)
             ... on level 3 of the Dungeon.
             The game lasted 00:01:34 (357 turns).

deepsabbath the Firebug (Deep Elf Fire Elementalist) Turns: 357, Time: 00:01:35

Health: 0/10       AC:  9    Str:  5    XL:     1   Next: 66%
Magic:  6/6        EV:  0    Int: 19    God:
Gold:   0          SH:  0    Dex: 15    Spells: 5/6 levels left

rFire  . . .     SeeInvis .     d - +0 hand axe
rCold  . . .     Gourm    .     g - +1 chain mail
rNeg   . . .     Faith    .     (no shield)
rPois  .         Spirit   .     (no helmet)
rElec  .         Reflect  .     (no cloak)
rCorr  .         Harm     .     (no gloves)
MR     .....                    (no boots)
Stlth  ..........               (no amulet)
                                (no ring)
                                (no ring)

@: no status effects
A: no striking features
a: no special abilities


You were on level 3 of the Dungeon.
You were not hungry.

You visited 1 branch of the dungeon, and saw 3 of its levels.

Inventory:

Hand Weapons
 d - a +0 hand axe (weapon)
   (You found it on level 1 of the Dungeon)
Missiles
 e - 35 stones (quivered)
Armour
 a - a +0 robe
 g - a +1 chain mail (worn)
   (You found it on level 1 of the Dungeon)
Books
 b - a book of Flames
Comestibles
 c - a bread ration {@e1}
 h - a royal jelly


   Skills:
 * Level 1.0 Axes
 - Level 2.4 Dodging
 - Level 2.4 Stealth
 - Level 3.0 Spellcasting
 - Level 1.1 Conjurations
 - Level 3.2 Fire Magic


You had 5 spell levels left.
You knew the following spells:

 Your Spells              Type           Power        Failure   Level  Hunger
a - Flame Tongue          Conj/Fire      ##...        100%        1    None


Dungeon Overview and Level Annotations

Branches:
Dungeon (3/15)

Altars:

Annotations:
D:2 Natasha
D:3 Jessica


Message History

Natasha hisses angrily.
Natasha casts a spell.
Natasha mumbles some strange words.
As you read the scroll labeled UPELEM CAPTAS, it crumbles to dust.
It is a scroll of enchant armour.
Your +0 chain mail glows green for a moment.
The goblin hits you but does no damage.
A jackal comes into view.
Found a stone staircase leading down.
You see here a robe.
A kobold comes into view.
The kobold shouts!
The kobold throws a stone.
The stone hits you but does no damage.
You see here a stone.
The kobold throws a stone.
The stone hits you but does no damage.
Found a scroll of enchant armour.
Found a stone staircase leading down.
You see here a stone.
The kobold hits you but does no damage.
There is a stone staircase leading down here.
The goblin hits you with a dagger. The kobold hits you but does no damage.
You climb downwards.
You hear the sound of rushing water.
There is an entrance to a sewer on this level.
Hurry and find it before the portal rusts away!
A quokka, 4 jackals, a goblin and Jessica come into view.
The goblin shouts!
The jackal barks! x3
There is a stone staircase leading up here.
You take 1 damage, and have 9/10 hp.
You hit the kobold but do no damage. You closely miss the jackal.
You miss the jackal.
The jackal bites you but does no damage. x2
The quokka moves out of view.
The kobold hits you but does no damage.
Jessica mumbles some strange words.
Jessica blinks!
Your chain mail prevents you from hitting the kobold.
You hit the jackal. You closely miss the jackal.
The jackal bites you but does no damage. x2
The kobold hits you but does no damage.
The jackal bites you but does no damage. x2
Your chain mail prevents you from hitting the kobold.
You hit the jackal. x2
The jackal bites you but does no damage. x2
The kobold hits you.
The jackal bites you but does no damage. x2
The kobold hits you.
You take 3 damage, and have 6/10 hp.
MASSIVE DAMAGE!!
Okay, then.
You aren't carrying any potions.
You hit the kobold.
You kill the kobold!
Your Axes skill increases to level 1!
You hit the jackal but do no damage. x2
The jackal bites you but does no damage.
Jessica shouts, "Stop bothering me, or I'll kill you!"
Jessica gestures wildly while chanting.
Jessica blinks!
The jackal bites you.
The jackal bites you but does no damage.
The goblin hits you but does no damage.
The jackal bites you but does no damage.
A bat comes into view.
You take 2 damage, and have 4/10 hp.
You hit the goblin but do no damage. You closely miss the jackal.
Your chain mail prevents you from hitting the jackal.
The jackal bites you but does no damage. x2
The goblin hits you but does no damage.
Your chain mail prevents you from hitting the goblin.
You hit the jackal but do no damage. You hit the jackal.
The jackal bites you but does no damage. x2
The jackal bites you.
* * * LOW HITPOINT WARNING * * *
The goblin hits you but does no damage.
Jessica gestures wildly.
The jackal bites you but does no damage.
You take 2 damage, and have 2/10 hp.
Your chain mail prevents you from hitting the goblin.
Your chain mail prevents you from hitting the jackal.
You miss the jackal.
The jackal bites you but does no damage. x2
The goblin hits you.
* * * LOW HITPOINT WARNING * * *
The jackal bites you but does no damage. x2
You take 1 damage, and have 1/10 hp.
Your chain mail prevents you from hitting the goblin.
You hit the jackal but do no damage. x2
The jackal bites you but does no damage.
The goblin hits you but does no damage.
The jackal bites you but does no damage. x2
The goblin hits you but does no damage.
Jessica casts a spell.
Jessica blinks!
The jackal bites you but does no damage.
You closely miss the goblin. You closely miss the jackal. You hit the jackal.
The jackal bites you but does no damage. x2
The goblin hits you but does no damage.
The jackal bites you but does no damage.
Your chain mail prevents you from hitting the goblin.
You closely miss the jackal. x2
The jackal bites you but does no damage.
The jackal bites you.
You die...

#
#..#######...
#.gh@gb..@..
#.hh#####...
#.rh #...
....# ..##.
#.# #. .. #.


You could see Jessica, a quokka, 4 jackals, 2 goblins and a bat.

Vanquished Creatures
  A hobgoblin (D:1)
  A kobold (D:3)
  A frilled lizard (D:1)
  3 rats (D:1)
6 creatures vanquished.

Notes
Turn   | Place    | Note
-------+----------+-------------------------------------------
     0 | D:1      | deepsabbath the Deep Elf Fire Elementalist began the quest for the Orb.
     0 | D:1      | Reached XP level 1. HP: 10/10 MP: 6/6
   325 | D:1      | You fall through a shaft!
   333 | D:2      | Noticed Natasha
   347 | D:3      | Noticed Jessica
   351 | D:3      | Reached skill level 1 in Axes
   353 | D:3      | HP: 2/10 [jackal (2)]
   357 | D:3      | Slain by a jackal

Vault maps used:
D:1:      ncdulo_halloftheorcs, serial_park_tiny_pond, serial_bayou_lagoon_a,
          roderic_roman_lattice, hex_medium
D:2:      old_standard_altar, hex_intersection, uniq_iyjb, uniq_natasha
D:3:      gup_sewer_entry_pipe, uniq_crazy_yiuf_cottage, uniq_jessica,
          uniq_robin

Skill      XL: |  1 |
---------------+----+-----
Axes           | 1 |  1.0
Dodging        | |  2.4
Stealth        | |  2.4
Spellcasting   | |  3.0
Conjurations   | |  1.1
Fire Magic     | |  3.2

Action                   || total
-------------------------++-------
Melee: Hand axe          ||    35
Throw: Stone             ||    15
  Use: Scroll            ||     1
Armor: Chain mail        ||    50
       Robe              ||     3
Dodge: Dodged            ||    12

Vault maps used:
D:1:      ncdulo_halloftheorcs, serial_park_tiny_pond, serial_bayou_lagoon_a,
          roderic_roman_lattice, hex_medium
D:2:      old_standard_altar, hex_intersection, uniq_iyjb, uniq_natasha
D:3:      gup_sewer_entry_pipe, uniq_crazy_yiuf_cottage, uniq_jessica,
          uniq_robin

Table legend:
 A = Turns spent in this place as a percentage of turns spent in the entire game.
 B = Non-inter-level travel turns spent in this place as a percentage of non-inter-level travel turns spent in the entire game.
 C = Inter-level travel turns spent in this place as a percentage of turns spent in this place.
 D = Turns resting spent in this place as a percentage of non-inter-level travel turns spent in this place.
 E = Turns spent auto-exploring this place as a percentage of non-inter-level travel turns spent in this place.
 F = Non-inter-level travel turns spent in this place divided by the number of levels of this place that you've seen.
                   A       B       C       D       E      F
               +-------+-------+-------+-------+-------+----------------------
         Total | 100.0 | 100.0 |   0.0 |   2.0 |   2.0 |  67.0
       Dungeon | 100.0 | 100.0 |   0.0 |   2.0 |   2.0 |  67.0
               +-------+-------+-------+-------+-------+----------------------

Table legend:
 A = Kills in this place as a percentage of kills in entire the game.
 B = Kills by you in this place as a percentage of kills by you in the entire game.
 C = Kills by friends in this place as a percentage of kills by friends in the entire game.
 D = Other kills in this place as a percentage of other kills in the entire game.
 E = Experience gained in this place as a percentage of experience gained in the entire game.
 F = Experience gained in this place divided by the number of levels of this place that you have seen.
                   A       B       C       D       E      F
               +-------+-------+-------+-------+-------+----------------------
         Total | 100.0 | 100.0 |  -nan |  -nan | 100.0 |   2.7
       Dungeon | 100.0 | 100.0 |  -nan |  -nan | 100.0 |   2.7
               +-------+-------+-------+-------+-------+----------------------
